 Dungeon Crawl Stone Soup version 0.17-a0-435-gc4df345 (webtiles) character file.

141468 esc the Warrior (level 16, 0/119 HPs)
             Began as a Centaur Hunter on Apr 3, 2015.
             Slain by the 26-headed Lernaean hydra (4 damage)
             ... on level 4 of the Swamp on Apr 4, 2015.
             The game lasted 02:43:46 (36996 turns).

esc the Warrior (Centaur Hunter)                   Turns: 36996, Time: 02:43:58

Health: 0/119      AC: 30    Str: 21    XL:     16   Next: 78%
Magic:  0/16       EV: 22    Int:  6    God:    Xom [...*..]
Gold:   2032       SH:  0    Dex: 25    Spells: 0 memorised, 15 levels left

rFire  . . .     SeeInvis +     a - +12 lajatang of Defence by Offence {freeze, rF- rN+++ Int-2 Dex+4}
rCold  . . .     Rnd*Rage +     w - +2 ring mail {rPois}
rNeg   + + +     SustAb   .     (no shield)
rPois  +         Gourm    .     W - +2 hat
rElec  .         Spirit   +     x - +1 cloak
rCorr  +         Warding  .     R - +1 pair of gloves
rMut   .         Stasis   .     s - +3 centaur barding "Feka" {Regen+ rCorr Stlth+}
MR     +....                    i - amulet of guardian spirit {Spirit}
Stlth  +++.......               G - +3 ring of slaying
                                k - +4 ring of protection

@: mighty, agile, very quick, somewhat resistant to hostile enchantments, fairly
stealthy
A: hooves 3, icy blue scales 1, see invisible, berserk 2, deformed body, dopey
1, fire resistance 1, speed 2, frail 2, tough skin 3
a: Renounce Religion


You were on level 4 of the Swamp.
You worshipped Xom.
You were a favourite toy of Xom.
You were not hungry.

You visited 4 branches of the dungeon, and saw 28 of its levels.

You collected 2605 gold pieces.
You spent 573 gold pieces at shops.

Inventory:

Hand weapons
 a - the +12 lajatang of Defence by Offence (weapon) {freeze, rF- rN+++ Int-2 Dex+4}
   (You acquired it on level 5 of the Lair of Beasts)

   It has been specially enchanted to freeze those struck by it, causing extra
   injury to most foes and up to half again as much damage against particularly
   susceptible opponents.
   It can also slow down cold-blooded creatures.
   It affects your intelligence (-2).
   It affects your dexterity (+4).
   It makes you vulnerable to fire.
   It renders you almost immune to negative energy.
 b - a +3 longbow of flaming
   (You took it off Nessos on level 8 of the Lair of Beasts)
Missiles
 c - 344 arrows
 o - 2 throwing nets {=f, !d}
 t - 30 poisoned arrows
 M - 23 arrows of frost
Armour
 s - the +3 centaur barding "Feka" (worn) {Regen+ rCorr Stlth+}
   (Xom gifted it to you on level 2 of the Lair of Beasts)

   It increases your rate of regeneration.
   It protects you from acid and corrosion.
   It makes you more stealthy.
 w - a +2 ring mail of poison resistance (worn)
   (You found it on level 3 of the Lair of Beasts)
 x - a +1 cloak (worn)
   (You found it on level 1 of the Swamp)
 F - the +8 plate armour of the Frog {rElec}
   (You found it on level 8 of the Lair of Beasts)

   It insulates you from electricity.
 R - a +1 pair of gloves (worn)
   (You found it on level 11 of the Dungeon)
 W - a +2 hat (worn)
   (You took it off Gastronok on level 10 of the Dungeon)
Jewellery
 i - an amulet of guardian spirit (around neck) {Spirit}
   (You found it on level 6 of the Dungeon)
 k - a +4 ring of protection (left hand)
   (You found it on level 4 of the Lair of Beasts)
 G - a +3 ring of slaying (right hand)
   (You found it on level 6 of the Dungeon)
 H - an uncursed ring of teleportation {+/*tele, !d}
   (You found it on level 1 of the Lair of Beasts)
 P - an uncursed ring of protection from cold {rC+, !d}
   (You found it on level 8 of the Dungeon)
Magical devices
 l - a wand of digging (12)
   (You took it off Sigmund on level 2 of the Dungeon)
 r - a wand of invisibility (4)
   (You took it off Jorgrun on level 3 of the Swamp)
 B - a wand of heal wounds (4)
   (You found it on level 1 of the Lair of Beasts)
 J - a wand of confusion (39)
   (You found it on level 2 of the Swamp)
 T - a wand of disintegration (9)
   (You found it on level 9 of the Dungeon)
Scrolls
 e - a scroll of silence
 g - 4 scrolls of recharging
 p - 2 scrolls of magic mapping {!r}
 u - 2 scrolls of fear
 E - a scroll of holy word {!r}
 K - a scroll of blinking {!r}
 U - 5 scrolls of teleportation
 X - 8 scrolls of remove curse
 Z - a scroll of fog
Potions
 j - 4 potions of heal wounds
 m - 2 potions of might
 n - 3 potions of lignification {!q}
 v - 3 potions of flight
 z - 3 potions of restore abilities
 C - 7 potions of curing
 N - 3 potions of invisibility
 O - a potion of haste
 Q - a potion of cancellation
 S - 2 potions of magic
 V - 4 potions of resistance
Miscellaneous
 d - a lantern of shadows
   (You found it on level 3 of the Lair of Beasts)
 h - a legendary deck of summoning {Water}
   (You found it on level 8 of the Lair of Beasts)
 D - a plain deck of defence {drawn: 10}
   (You found it on level 1 of the Lair of Beasts)
 I - a sack of spiders
   (You found it on level 3 of the Swamp)
Comestibles
 f - 12 bread rations {@e1}
 A - 6 meat rations {@e2}
 L - 2 chunks of flesh {@w0}


   Skills:
 - Level 15.4 Fighting
 - Level 15.3 Staves
 + Level 11.6 Bows
 - Level 10.3 Armour
 - Level 10.7 Dodging
 - Level 0.5 Stealth


You had 15 spell levels left.
You didn't know any spells.

Dungeon Overview and Level Annotations

Branches:
Dungeon (11/15)            Temple (0/1) D:5            Lair (8/8) D:10
  Swamp (5/5) Lair:6       Spider (0/5) Lair:3        Slime (0/6) Lair:6
    Orc (4/4) D:11            Elf (0/3) Orc:3

Altars:
Dithmenos
Xom
Yredelemnul
Beogh

Shops:
D:6 [   D:10 ?   D:11 =   Orc:4 [=(%

Annotations:
D:3 1 runed door
Swamp:4 Lernaean hydra


Innate Abilities, Weirdness & Mutations

You have hooves in place of feet.
Armour fits poorly on your strangely shaped body.
You cover ground very quickly.
You have extremely tough skin (AC +3).
You are partially covered in icy blue scales (AC +1).
You have supernaturally acute eyesight.
You often lose your temper in combat.
You are dopey. (Int -2)
Your flesh is heat resistant.
You are very frail (-20% HP).


Message History

You hear an angry hiss.
The 26-headed Lernaean hydra bites you but does no damage.
The 26-headed Lernaean hydra bites you!
The 26-headed Lernaean hydra bites you but does no damage.
The 26-headed Lernaean hydra barely misses you.
The 26-headed Lernaean hydra bites you but does no damage. x4
The 26-headed Lernaean hydra bites you!
The 26-headed Lernaean hydra bites you but does no damage. x3
The 26-headed Lernaean hydra closely misses you.
The 26-headed Lernaean hydra bites you but does no damage. x3
The 26-headed Lernaean hydra bites you.
The 26-headed Lernaean hydra barely misses you.
The 26-headed Lernaean hydra closely misses you.
The 26-headed Lernaean hydra completely misses you.
The 26-headed Lernaean hydra bites you!
The 26-headed Lernaean hydra bites you but does no damage.
The 26-headed Lernaean hydra completely misses you.
The 26-headed Lernaean hydra bites you but does no damage.
The 26-headed Lernaean hydra bites you!
The 26-headed Lernaean hydra bites you but does no damage.
You take 37 damage, and have 66/119 hp.
MASSIVE DAMAGE!!
You now have 9/16 mp.
You enter the shallow water.
Moving in this stuff is going to be slow.
The +12 lajatang of Defence by Offence {freeze, rF- rN+++ Int-2 Dex+4} stops glowing.
It bursts into flame!
b - a +3 longbow of flaming (weapon)
Aim: the 26-headed Lernaean hydra (moderately wounded, slow)
You shoot an arrow.
The arrow barely misses the 26-headed Lernaean hydra.
The 26-headed Lernaean hydra is no longer moving slowly.
You enter the shallow water.
Moving in this stuff is going to be slow.
You enter the shallow water.
Moving in this stuff is going to be slow.
Xom asks Qazlal to spice things up a little.
You are now a plaything of Xom.
Xom titters.
You are confused.
You are now a favourite toy of Xom.
Drink which item? (? for menu, Esc to quit)
Okay, then.
You're too confused!
Unknown command.
Your +3 longbow of flaming stops flaming.
It glows with a cold blue light!
a - the +12 lajatang of Defence by Offence (weapon)
{freeze, rF- rN+++ Int-2 Dex+4} You enter the shallow water.
Moving in this stuff is going to be slow.
You swing at nothing.
The 26-headed Lernaean hydra bites you! The 26-headed Lernaean hydra bites you!
The 26-headed Lernaean hydra bites you but does no damage. x3
The 26-headed Lernaean hydra completely misses you.
The 26-headed Lernaean hydra bites you!
The 26-headed Lernaean hydra bites you but does no damage. x2
The 26-headed Lernaean hydra bites you.
The 26-headed Lernaean hydra misses you.
The 26-headed Lernaean hydra bites you but does no damage.
The 26-headed Lernaean hydra bites you!
The 26-headed Lernaean hydra bites you but does no damage. x5
The 26-headed Lernaean hydra bites you.
* * * LOW HITPOINT WARNING * * *
The 26-headed Lernaean hydra bites you but does no damage. x2
The 26-headed Lernaean hydra barely misses you.
The 26-headed Lernaean hydra completely misses you.
The 26-headed Lernaean hydra misses you.
The 26-headed Lernaean hydra bites you but does no damage.
The 26-headed Lernaean hydra barely misses you.
You take 41 damage, and have 32/119 hp.
MASSIVE DAMAGE!!
You now have 6/16 mp.
You're too confused!
Drink which item? (? for menu, Esc to quit)
You feel better.
The 26-headed Lernaean hydra closely misses you.
The 26-headed Lernaean hydra misses you.
The 26-headed Lernaean hydra completely misses you.
The 26-headed Lernaean hydra bites you!
* * * LOW HITPOINT WARNING * * *
The 26-headed Lernaean hydra completely misses you.
The 26-headed Lernaean hydra bites you!
* * * LOW HITPOINT WARNING * * *
The 26-headed Lernaean hydra bites you but does no damage.
The 26-headed Lernaean hydra barely misses you.
The 26-headed Lernaean hydra bites you but does no damage. x5
The 26-headed Lernaean hydra misses you.
The 26-headed Lernaean hydra bites you but does no damage.
The 26-headed Lernaean hydra bites you!
* * * LOW HITPOINT WARNING * * *
The 26-headed Lernaean hydra misses you.
The 26-headed Lernaean hydra bites you.
* * * LOW HITPOINT WARNING * * *
The 26-headed Lernaean hydra misses you.
The 26-headed Lernaean hydra completely misses you.
The 26-headed Lernaean hydra bites you but does no damage. x2
The 26-headed Lernaean hydra completely misses you.
The 26-headed Lernaean hydra bites you.
You die...
Xom laughs nastily!

..♣≈♣♣♣♣♣.≈≈≈≈...♣♣♣♣..♣♣♣≈.♣...♣
♣≈..≈.♣ ♣..≈≈≈≈.≈≈≈♣♣≈≈♣♣.≈...<.♣
♣≈..≈.♣♣♣≈≈≈≈≈≈≈≈≈≈≈.♣♣.♣.......♣
≈..≈≈§.≈≈≈≈≈≈≈≈.≈≈≈≈♣♣....≈≈...♣♣
..≈♣≈≈.≈≈≈≈≈≈≈§§§..♣♣....≈≈≈≈...♣
.≈≈♣≈≈≈≈≈≈≈≈≈≈§§§..≈≈....≈≈≈≈.♣♣.
≈≈♣♣≈≈♣≈≈....)§§§.....≈≈≈≈≈≈..♣♣§
.≈≈≈≈♣≈≈≈♣♣.....D..♣..≈≈≈≈≈..♣♣.♣
≈≈≈.♣.≈≈§♣♣..♣..@..♣≈≈≈≈≈≈≈..♣♣..
≈≈≈♣♣≈≈.♣≈.♣...♣≈.≈.≈≈≈≈≈≈...♣≈..
≈.≈≈..≈≈♣.≈♣≈≈≈♣♣♣♣♣≈.≈≈≈...♣♣..≈
≈.♣.≈♣≈♣≈≈.≈..♣♣ ♣♣....♣..♣♣♣.≈.≈
≈≈..≈§≈≈♣.≈.≈.≈♣♣♣≈≈≈≈..≈.♣♣≈..♣♣
♣♣≈§≈§≈≈♣..≈≈.≈♣♣≈♣...≈.≈.......♣
♣♣♣≈≈≈♣♣♣≈♣♣♣♣♣≈..≈:.≈≈...≈.≈..≈
♣♣♣≈≈≈≈♣≈♣ ♣♣..≈≈♣≈..≈≈..§...
♣≈♣≈≈≈≈♣♣ ♣♣♣.♣♣§..≈...≈..≈


You could see the 26-headed Lernaean hydra.

Vanquished Creatures
  Jorgrun (Swamp:3)
  Gastronok (D:10)
  2 thorn hunters (Swamp:5)
  Roxanne (Swamp:1)
  2 orc warlords (Orc:4)
  A very ugly thing (Swamp:2)
  A reaper (Lair:6)
  Josephine (Swamp:1)
  27 hydras
  An ice dragon (Lair:1)
  2 ghost crabs (Swamp:5)
  An ogre mage (Orc:4)
  12 death yaks
  9 alligators
  7 orc high priests (Orc:4)
  Urug (Orc:1)
  7 swamp dragons
  A hill giant (D:11)
  A hill giant (shapeshifter) (Lair:3)
  The ghost of stickyfingers the Martial Artist, an experienced OpTm of Okawaru (D:6)
  2 shambling mangroves
  A lindwurm (Lair:7)
  3 orc knights (Orc:4)
  A manticore (Lair:7)
  5 orc sorcerers
  A guardian serpent (Lair:7)
  An oklob plant (Lair:6)
  3 griffons
  An elephant (shapeshifter) (Swamp:1)
  11 elephants
  2 hornets
  6 black mambas
  A queen ant (Lair:2)
  A smoke demon (Lair:6)
  23 spiny frogs
  9 fire drakes
  A centaur skeleton (D:11)
  7 trolls
  4 komodo dragons
  2 blue devils (Lair:6)
  4 two-headed ogres
  A polar bear (Lair:7)
  A jumping spider (Lair:3)
  3 ravens (Swamp:4)
  14 giant leeches
  18 blink frogs
  9 slime creatures
  A baby alligator (Swamp:1)
  5 bog bodies
  11 spriggans
  2 shadows
  Sigmund (D:2)
  A deep elf mage (D:10)
  4 wraiths (Swamp:1)
  11 wyverns
  A human (Orc:4)
  19 yaks
  25 hippogriffs
  2 steam dragons (D:11)
  A hungry ghost (D:8)
  11 basilisks
  20 insubstantial wisps
  14 porcupines
  16 vampire mosquitoes
  9 wolves
  25 swamp worms
  7 wargs
  8 soldier ants (Lair:2)
  7 swamp drakes
  2 hell hounds (Lair:7)
  21 water moccasins
  2 black bears
  14 wasps
  3 phantoms
  2 necrophages
  50 orc warriors
  7 centaurs
  6 sky beasts
  22 ogres
  2 ice beasts
  2 boring beetles
  15 crocodiles
  A big kobold (D:7)
  31 giant frogs
  A water moccasin zombie (D:8)
  A wyvern zombie (D:7)
  16 killer bees
  6 wights
  4 electric eels
  6 crimson imps
  A goliath beetle (D:5)
  A human zombie (D:3)
  A giant frog zombie (D:6)
  4 quasits
  A centaur zombie (D:6)
  7 hounds
  7 iguanas
  Crazy Yiuf (D:2)
  28 orc priests
  A giant frog skeleton (D:5)
  32 orc wizards
  Jessica (D:1)
  A human skeleton (D:3)
  32 worker ants
  2 hell rats (Lair:7)
  An iron imp (Orc:4)
  A mummy (D:8)
  A worker ant zombie (D:5)
  A hound skeleton (D:10)
  25 adders
  7 gnolls
  45 river rats
  8 shadow imps
  6 giant mites
  A white imp (Orc:4)
  A worm (D:5)
  A giant eyeball (Lair:7)
  2 ufetubi (Orc:4)
  3 adder zombies
  8 giant geckos
  An ooze (D:3)
  265 orcs
  31 bats
  2 bat skeletons (D:4)
  9 giant cockroaches
  24 goblins
  10 hobgoblins
  10 jackals
  15 kobolds
  A giant gecko skeleton (D:7)
  3 giant newts
  A jackal skeleton (D:8)
  7 quokkas
  15 rats
  2 fungi (D:10)
  3 plants
1260 creatures vanquished.

Vanquished Creatures (collateral kills)
  Nessos (Lair:8)
  A hydra (D:11)
  2 elephants (Lair:2)
  A spiny frog (Lair:2)
  A blink frog (Lair:2)
  4 yaks (Lair:2)
  A water moccasin (Swamp:2)
  An orc warrior (D:7)
  A giant frog (Lair:2)
  A wyvern zombie (D:11)
  2 killer bees (D:6)
  A wight (D:7)
  2 orc priests
  2 orc wizards
  An adder (D:3)
  8 orcs (Orc:4)
30 creatures vanquished.

Vanquished Creatures (others)
  An elephant (Lair:4)
  5 crimson imps
  2 quasits (Swamp:4)
  6 iron imps
  2 ogre zombies (Orc:4)
  A river rat (Lair:7)
  A shadow imp (D:6)
  9 white imps
  9 ufetubi
  9 orcs (Orc:4)
  A bat (D:11)
  A giant mite zombie (D:3)
  2 orc zombies
  17 fungi
  4 plants
70 creatures vanquished.

Grand Total: 1360 creatures vanquished

Notes
Turn   | Place    | Note
--------------------------------------------------------------
     0 | D:1      | esc, the Centaur Hunter, began the quest for the Orb.
     0 | D:1      | Reached XP level 1. HP: 17/17 MP: 1/1
   234 | D:1      | Reached XP level 2. HP: 19/25 MP: 2/2
  1191 | D:2      | Reached skill level 2 in Dodging
  1201 | D:2      | Noticed Jessica
  1203 | D:2      | Noticed Sigmund
  1241 | D:1      | HP: 3/25 [Jessica/dagger (5)]
  1242 | D:1      | HP: 1/25 [Jessica/dagger (2)]
  1244 | D:1      | Killed Jessica
  1244 | D:1      | Reached skill level 3 in Fighting
  1244 | D:1      | Reached XP level 3. HP: 1/31 MP: 3/3
  1829 | D:1      | Reached XP level 4. HP: 30/38 MP: 4/4
  1917 | D:2      | Killed Sigmund
  1917 | D:2      | Reached skill level 4 in Fighting
  1917 | D:2      | Reached skill level 3 in Dodging
  1917 | D:2      | Reached XP level 5. HP: 43/46 MP: 5/5
  1947 | D:2      | Noticed Crazy Yiuf
  1967 | D:2      | Killed Crazy Yiuf
  1967 | D:2      | Reached XP level 6. HP: 52/52 MP: 6/6
  2536 | D:2      | Reached skill level 1 in Armour
  2580 | D:2      | HP: 13/52 [poisoned by an orc]
  2585 | D:2      | HP: 10/52 [poisoned by an orc]
  2590 | D:2      | HP: 7/52 [poisoned by an orc]
  2595 | D:2      | HP: 6/52 [poisoned by an orc]
  2600 | D:2      | HP: 5/52 [poisoned by an orc]
  2608 | D:2      | HP: 4/52 [poisoned by an orc]
  3020 | D:3      | Found a runed door.
  3020 | D:3      | Noticed a human
  3023 | D:3      | Found a basalt altar of Yredelemnul.
  3054 | D:3      | Reached skill level 1 in Staves
  3277 | D:3      | Reached skill level 2 in Staves
  3495 | D:3      | Found a basalt altar of Yredelemnul.
  3808 | D:4      | Reached skill level 3 in Staves
  3808 | D:4      | Reached XP level 7. HP: 59/59 MP: 7/7
  3926 | D:4      | Reached skill level 6 in Bows
  4250 | D:4      | Found a shadowy altar of Dithmenos.
  4255 | D:4      | Reached skill level 7 in Bows
  4275 | D:4      | HP: 14/59 [poisoned by an orc wizard]
  4280 | D:4      | HP: 12/59 [poisoned by an orc wizard]
  4286 | D:4      | HP: 11/59 [poisoned by an orc wizard]
  4293 | D:4      | HP: 10/59 [poisoned by an orc wizard]
  4301 | D:4      | HP: 10/59 [poisoned by an orc wizard]
  4736 | D:4      | HP: 13/59 [ogre/giant club (12)]
  4759 | D:4      | Reached skill level 4 in Staves
  5077 | D:4      | Reached XP level 8. HP: 32/66 MP: 8/8
  5520 | D:5      | Entered Level 5 of the Dungeon
  5655 | D:5      | Found a shimmering altar of Xom.
  5669 | D:5      | Reached skill level 4 in Dodging
  5694 | D:5      | Reached skill level 2 in Armour
  5703 | D:5      | Became a worshipper of Xom of Chaos
  5989 | D:5      | Found a staircase to the Ecumenical Temple.
  6094 | D:5      | XOM: cast spell 'Confusing Touch'
  6099 | D:5      | Reached skill level 5 in Fighting
  6138 | D:5      | XOM: silly message
  6301 | D:5      | XOM: divination: detect creatures
  6315 | D:5      | Reached skill level 5 in Dodging
  6593 | D:6      | Found Wugosi's Antique Armour Emporium.
  6624 | D:6      | Bought a bloodstained chain mail for 209 gold pieces
  6634 | D:6      | Identified the +5 chain mail of Compression {rC+ MP+9} (You bought it in a shop on level 6 of the Dungeon)
  6684 | D:6      | Reached skill level 3 in Armour
  6739 | D:6      | Reached XP level 9. HP: 70/74 MP: 9/9
  6763 | D:6      | XOM: noise
  6961 | D:6      | Reached skill level 4 in Armour
  7066 | D:6      | XOM: silly message
  7236 | D:6      | Noticed stickyfingers's ghost (experienced OpTm)
  7236 | D:6      | XOM: cast spell 'Metabolic Englaciation'
  7243 | D:6      | XOM: silly message
  7247 | D:6      | XOM: silly message
  7273 | D:6      | Killed stickyfingers's ghost
  7273 | D:6      | Reached skill level 5 in Armour
  7461 | D:6      | XOM: mild Trmt miscast
  7531 | D:7      | XOM: confuse monster(s)
  7552 | D:7      | Reached skill level 5 in Staves
  7628 | D:7      | XOM: colour smoke trail
  7634 | D:7      | XOM: enchant monster (good)
  7635 | D:7      | XOM: fog
  7649 | D:6      | XOM: summons 9 friendly demons
  7664 | D:7      | XOM: cast spell 'Summon Small Mammal'
  7885 | D:7      | XOM: enchant monster (good)
  7899 | D:7      | XOM: blink monster(s)
  7901 | D:7      | Reached skill level 6 in Staves
  8237 | D:7      | Reached skill level 7 in Staves
  8410 | D:7      | XOM: god gift: morningstar {god gift}
  8424 | D:7      | Reached XP level 10. HP: 62/81 MP: 10/10
  8528 | D:7      | XOM: cast spell 'Summon Hydra'
  8608 | D:8      | XOM: summons 8 friendly demons
  8777 | D:8      | XOM: give mutations
  8777 | D:8      | Gained mutation: You are clumsy. (Dex -2) [Xom's mischief]
  8777 | D:8      | Gained mutation: You are frail (-10% HP). [Xom's mischief]
  8965 | D:8      | XOM: god gift: 22 stones
  9034 | D:8      | Reached skill level 8 in Staves
  9083 | D:8      | Got a pitted war axe
  9084 | D:8      | Identified the +5 war axe "Poketon" {holy, rElec rN+ Dex+6} (You found it on level 8 of the Dungeon)
  9494 | D:8      | XOM: harmless Fire miscast
  9785 | D:9      | XOM: swap monsters
  9996 | D:9      | XOM: stat loss: -1 Dex (9/10)
 10073 | D:9      | XOM: god gift: curved glowing rod {god gift}
 10075 | D:9      | Identified a +0 iron rod (9/9) (Xom gifted it to you on level 9 of the Dungeon)
 10147 | D:10     | Entered Level 10 of the Dungeon
 10150 | D:10     | Got a twisted chain mail
 10161 | D:10     | Identified the cursed +1 chain mail of Resilience {Dex+2} (You found it on level 10 of the Dungeon)
 10307 | D:10     | Found a staircase to the Lair.
 10318 | D:10     | Reached skill level 6 in Armour
 10539 | D:10     | Got a polished flail
 10540 | D:10     | Identified the +8 flail "Zikhlip" {freeze, *Rage rN+ MP+9} (You found it on level 10 of the Dungeon)
 10566 | D:10     | XOM: enchant monster (good)
 10570 | D:10     | Reached skill level 6 in Fighting
 10585 | D:10     | Noticed Gastronok
 10590 | D:10     | XOM: enchant monster (good)
 10624 | D:10     | Killed Gastronok
 10624 | D:10     | Reached skill level 7 in Fighting
 10624 | D:10     | Reached skill level 7 in Armour
 10847 | D:10     | Reached XP level 11. HP: 70/82 MP: 11/11
 10886 | D:10     | XOM: swap monsters
 10891 | D:10     | Reached skill level 6 in Dodging
 11025 | D:10     | XOM: give mutations
 11025 | D:10     | Gained mutation: You are weak. (Str -2) [Xom's mischief]
 11025 | D:10     | Gained mutation: You tend to lose your temper in combat. [Xom's mischief]
 11025 | D:10     | Gained mutation: You often lose your temper in combat. [Xom's mischief]
 11198 | D:10     | Found Eciuh's Magic Scroll Boutique.
 11207 | D:10     | Bought a scroll of identify for 26 gold pieces
 11207 | D:10     | Bought a scroll of identify for 26 gold pieces
 11207 | D:10     | Bought a scroll of teleportation for 39 gold pieces
 11271 | D:10     | XOM: colour smoke trail
 11379 | D:11     | Noticed a six-headed hydra
 11428 | D:11     | HP: 15/82 [six-headed hydra (6)]
 11437 | D:11     | Killed a six-headed hydra
 11954 | D:11     | XOM: summons 2 hostile demons
 12022 | D:11     | XOM: confusion (+ monsters)
 12034 | D:11     | Reached skill level 7 in Dodging
 12063 | D:11     | Found a staircase to the Orcish Mines.
 12246 | D:11     | XOM: harmless Chrm miscast
 12625 | D:11     | Noticed a seven-headed hydra
 12628 | D:11     | XOM: confuse monster(s)
 12635 | D:11     | XOM: medium Pois miscast
 12640 | D:11     | Killed a seven-headed hydra
 12726 | D:11     | Found Ciattin's Jewellery Shop.
 12784 | D:11     | XOM: harmless Erth miscast
 12815 | D:11     | XOM: harmless Erth miscast
 12966 | D:11     | Noticed a hill giant
 12974 | D:11     | Killed a hill giant
 12974 | D:11     | Reached skill level 8 in Dodging
 12979 | D:11     | XOM: god gift: blowgun {god gift}
 13066 | D:11     | XOM: potion effect (magic)
 13067 | D:11     | XOM: enchant monster (good)
 13448 | Orc:1    | Entered Level 1 of the Orcish Mines
 13448 | Orc:1    | Noticed Urug
 13449 | Orc:1    | Paralysed by an orc sorcerer for 5 turns
 13635 | Orc:1    | HP: 19/82 [Urug/long sword of holy wrath (2)]
 13637 | Orc:1    | Killed Urug
 13637 | Orc:1    | Reached skill level 9 in Dodging
 13693 | Orc:1    | Found a roughly hewn altar of Beogh.
 13799 | Orc:1    | HP: 12/82 [orc/short sword of electrocution (14)]
 13826 | Orc:1    | XOM: give mutations
 13826 | Orc:1    | Gained mutation: Your flesh is heat resistant. [Xom's mischief]
 13826 | Orc:1    | Gained mutation: You are dopey. (Int -2) [Xom's mischief]
 13899 | Orc:1    | XOM: give mutation
 13899 | Orc:1    | Gained mutation: You are partially covered in icy blue scales (AC +1). [Xom's grace]
 14207 | Orc:1    | XOM: divination: detect creatures
 14649 | Orc:3    | XOM: harmless Divn miscast
 14847 | Orc:2    | XOM: harmless Hex miscast
 15014 | Orc:2    | XOM: smoke on damage
 15073 | Orc:2    | XOM: harmless Trmt miscast
 15183 | Orc:4    | Entered Level 4 of the Orcish Mines
 15464 | Orc:4    | Reached XP level 12. HP: 82/90 MP: 12/12
 15475 | Orc:4    | HP: 18/90 [orc warrior/long sword (19)]
 15478 | Orc:4    | XOM: noise
 15527 | Orc:4    | XOM: harmless Trmt miscast
 15589 | Orc:4    | XOM: divination: detect creatures
 15813 | Orc:4    | XOM: potion effect (invisibility)
 15831 | Orc:4    | Reached skill level 10 in Dodging
 16143 | Orc:3    | XOM: harmless Fire miscast
 16296 | Orc:3    | XOM: noise
 16476 | Orc:3    | XOM: noise
 16572 | Orc:3    | Reached skill level 8 in Bows
 16588 | Orc:3    | XOM: severe Pois miscast
 16828 | Orc:4    | XOM: divination: detect items
 17097 | Orc:4    | Noticed an orc warlord
 17164 | Orc:3    | Found a staircase to the Elven Halls.
 17354 | Orc:4    | XOM: noise
 17355 | Orc:4    | XOM: blink monster(s)
 17357 | Orc:4    | XOM: noise
 17363 | Orc:4    | Killed an orc warlord
 17363 | Orc:4    | Reached skill level 9 in Staves
 17363 | Orc:4    | Reached skill level 9 in Bows
 17369 | Orc:4    | Found a roughly hewn altar of Beogh.
 17372 | Orc:4    | XOM: harmless Pois miscast
 17400 | Orc:4    | XOM: polymorph orc wizard -> centaur
 17559 | Orc:4    | XOM: mild Necr miscast
 17566 | Orc:4    | XOM: noise
 18059 | Orc:4    | XOM: polymorph ogre -> human
 18385 | Orc:4    | Found Ydghog's Jewellery Emporium.
 18401 | Orc:4    | Found Puosiode's Antique Armour Shoppe.
 18534 | Orc:4    | XOM: confuse monster(s)
 18554 | Orc:4    | Noticed an ogre mage
 18555 | Orc:4    | Noticed an orc high priest
 18558 | Orc:4    | XOM: confuse monster(s)
 18569 | Orc:4    | XOM: potion effect (berserk rage)
 18572 | Orc:4    | XOM: summons 6 hostile demons
 18576 | Orc:4    | Killed an orc high priest
 18606 | Orc:4    | Killed an ogre mage
 18645 | Orc:4    | Reached skill level 10 in Staves
 18846 | Orc:4    | XOM: enchant monster (good)
 18973 | Orc:4    | XOM: summons 3 friendly demons
 19054 | Orc:4    | XOM: summons friendly white imp
 19066 | Orc:4    | Noticed an orc warlord
 19092 | Orc:4    | XOM: god gift: 30 gold pieces
 19202 | Orc:2    | XOM: god gift: glowing centaur barding {god gift}
 19384 | Orc:4    | XOM: confuse monster(s)
 19505 | Orc:4    | XOM: noise
 19534 | Orc:4    | XOM: enchant monster (good)
 19556 | Orc:4    | HP: 20/90 [orc warrior/halberd[an orc warlord] (9)]
 19557 | Orc:4    | Killed an orc warlord
 19557 | Orc:4    | Reached skill level 11 in Staves
 19876 | Orc:4    | Found a roughly hewn altar of Beogh.
 19925 | Orc:4    | Noticed an orc high priest
 19925 | Orc:4    | Found Omaojuip's Food Shoppe.
 19927 | Orc:4    | XOM: destruction
 19936 | Orc:4    | Killed an orc high priest
 19946 | Orc:4    | Reached XP level 13. HP: 63/94 MP: 13/13
 20090 | Orc:4    | Noticed an orc high priest
 20105 | Orc:4    | XOM: summons friendly crimson imp
 20113 | Orc:4    | Killed an orc high priest
 20171 | Orc:4    | Noticed an orc high priest
 20185 | Orc:4    | Killed an orc high priest
 20252 | Orc:4    | Found Semam's Antique Weapon Emporium.
 20252 | Orc:4    | Noticed an orc high priest
 20276 | Orc:4    | XOM: summons friendly white imp
 20280 | Orc:4    | Killed an orc high priest
 20431 | Orc:4    | Noticed an orc high priest
 20439 | Orc:4    | Noticed an orc high priest
 20442 | Orc:4    | Killed an orc high priest
 20442 | Orc:4    | Reached skill level 12 in Staves
 20453 | Orc:4    | XOM: destruction
 20460 | Orc:4    | Killed an orc high priest
 20586 | Orc:4    | XOM: god gift: 16 gold pieces
 20595 | Orc:4    | XOM: god gift: giant club {god gift}
 20718 | Orc:4    | XOM: cast spell 'Beastly Appendage'
 21023 | Lair:1   | Entered Level 1 of the Lair of Beasts
 21076 | Lair:1   | XOM: summons 4 friendly demons
 21335 | Lair:1   | XOM: medium Fire miscast
 21399 | Lair:1   | XOM: give mutation
 21399 | Lair:1   | Gained mutation: You are very frail (-20% HP). [Xom's mischief]
 21617 | Lair:1   | XOM: summons 3 friendly demons
 21624 | Lair:1   | XOM: silly message
 21633 | Lair:1   | Reached skill level 13 in Staves
 22511 | Lair:2   | XOM: cast spell 'Ring of Flames'
 22553 | Lair:2   | Reached skill level 10 in Bows
 22583 | Lair:2   | XOM: polymorph worker ant -> giant mite
 22765 | Lair:1   | XOM: summons 4 hostile shadow creatures
 23016 | Lair:2   | XOM: 2-stop teleportation journey
 23053 | Lair:2   | XOM: summons friendly iron imp
 23064 | Lair:2   | XOM: summons 4 friendly demons
 23213 | Lair:2   | Got a pitted scale mail
 23224 | Lair:2   | Identified the +1 scale mail "Qounkic" {-Tele rC+ Dex+8 Stlth+} (You found it on level 2 of the Lair of Beasts)
 23317 | D:11     | XOM: medium Pois miscast
 23395 | Orc:4    | Bought a +3 ring of evasion for 273 gold pieces
 23522 | Lair:2   | XOM: summons friendly crimson imp
 23523 | Lair:2   | XOM: cast spell 'Summon Dragon'
 23650 | Lair:2   | XOM: god gift: blackened centaur barding {god gift}
 23651 | Lair:2   | Got a blackened centaur barding {god gift}
 23662 | Lair:2   | Identified the +3 centaur barding "Feka" {Regen+ rCorr Stlth+} (Xom gifted it to you on level 2 of the Lair of Beasts)
 23682 | Lair:2   | Reached skill level 14 in Staves
 23976 | Lair:2   | XOM: scenery: 1 doors open
 24005 | Lair:3   | Found a hole to the Spider Nest.
 24087 | Lair:3   | XOM: destruction
 24191 | Lair:3   | XOM: fake destruction
 24589 | Lair:3   | XOM: enchant monster (bad)
 24719 | Lair:3   | Got a steaming lapis lazuli ring
 24721 | Lair:3   | Identified the ring of the Demon Prince {Ice Int+4 SInv} (You found it on level 3 of the Lair of Beasts)
 24775 | Lair:4   | XOM: polymorph crocodile -> spiny frog
 24790 | Lair:4   | Reached XP level 14. HP: 64/90 MP: 10/14
 24804 | Lair:4   | XOM: harmless Chrm miscast
 24817 | Lair:4   | XOM: enchant monster (bad)
 24821 | Lair:4   | HP: 21/90 [four-headed hydra (6)]
 25254 | Lair:4   | XOM: harmless Chrm miscast
 25338 | Lair:4   | XOM: 1-stop teleportation journey
 25381 | Lair:4   | XOM: harmless Divn miscast
 25518 | Lair:4   | XOM: mild Conj miscast
 25541 | Lair:4   | XOM: mild Necr miscast
 25671 | Lair:4   | Reached skill level 15 in Staves
 26037 | Lair:5   | XOM: noise
 26139 | Lair:5   | XOM: divination: magic mapping
 26569 | Lair:5   | Identified a scroll of acquirement
 26570 | Lair:5   | Got a smoking lajatang
 26571 | Lair:5   | Identified the +12 lajatang of Defence by Offence {freeze, rF- rN+++ Int-2 Dex+4} (You acquired it on level 5 of the Lair of Beasts)
 26632 | Lair:5   | XOM: harmless Trmt miscast
 26650 | Lair:5   | Reached skill level 8 in Fighting
 26678 | Lair:5   | XOM: noise
 26828 | Lair:5   | XOM: smoke on damage
 27169 | Lair:6   | Found a staircase to the Slime Pits.
 27240 | Lair:6   | XOM: harmless Divn miscast
 27247 | Lair:6   | XOM: mild Erth miscast
 27273 | Lair:6   | Found a staircase to the Swamp.
 27359 | Lair:6   | Reached skill level 9 in Fighting
 27499 | Lair:6   | XOM: blink monster(s)
 27506 | Lair:6   | XOM: chaos cloud
 27509 | Lair:6   | XOM: confusion (+ monsters)
 27672 | Lair:6   | Got an ancient centaur barding
 27674 | Lair:6   | XOM: harmless Conj miscast
 27683 | Lair:6   | Identified the +0 centaur barding of Sif Muna's Approval {+Blink Int+6 Dex-4} (You acquired it on level 6 of the Lair of Beasts)
 27925 | Lair:6   | XOM: severe Necr miscast
 27954 | Lair:6   | XOM: medium Hex miscast
 28320 | Lair:6   | XOM: summons 7 hostile demons
 28410 | Lair:6   | XOM: mild Fire miscast
 28483 | Lair:7   | XOM: noise
 28490 | Lair:7   | XOM: chaos cloud
 28552 | Lair:7   | XOM: stat loss: -1 Dex (15/16)
 28577 | Lair:7   | XOM: 3-stop teleportation journey
 28617 | Lair:7   | Reached skill level 10 in Fighting
 28633 | Lair:7   | XOM: chaos cloud
 28635 | Lair:7   | XOM: repel stairs
 28640 | Lair:7   | XOM: confusion (+ monsters)
 28653 | Lair:7   | XOM: polymorph komodo dragon -> guardian serpent
 28657 | Lair:7   | XOM: fog
 28663 | Lair:7   | XOM: confuse monster(s)
 28734 | Lair:7   | XOM: destruction
 28990 | Lair:7   | XOM: destruction
 29057 | Lair:7   | XOM: confuse monster(s)
 29124 | Lair:7   | Reached skill level 11 in Fighting
 29137 | Lair:7   | XOM: harmless Divn miscast
 29143 | Lair:7   | Reached XP level 15. HP: 103/103 MP: 15/15
 29230 | Lair:7   | XOM: potion effect (haste)
 29232 | Lair:7   | XOM: smoke on damage
 29600 | Lair:8   | Entered Level 8 of the Lair of Beasts
 29647 | Lair:7   | Upgraded the game from 0.17-a0-427-ga655056 to 0.17-a0-435-gc4df345
 29684 | Lair:8   | Got a brightly glowing plate armour
 29695 | Lair:8   | Identified the +8 plate armour of the Frog {rElec} (You found it on level 8 of the Lair of Beasts)
 29755 | Lair:8   | XOM: divination: magic mapping
 29795 | Lair:8   | Reached skill level 12 in Fighting
 29830 | Lair:8   | XOM: 1-stop teleportation journey
 29967 | Lair:8   | Noticed Nessos
 29971 | Lair:8   | XOM: harmless Summ miscast
 29974 | Lair:8   | XOM: summons 11 friendly demons
 29990 | Lair:8   | Killed Nessos
 30129 | Lair:7   | XOM: fog
 30212 | Lair:8   | XOM: summons 5 friendly demons
 30375 | Lair:8   | Reached skill level 13 in Fighting
 30391 | Lair:8   | XOM: summons 3 friendly demons
 30582 | Lair:8   | XOM: god gift: sack of spiders
 30631 | Lair:8   | Got an ichor-stained spear
 30633 | Lair:8   | Identified the +2 spear of Ycadus {flame, +Blink +Inv rElec SInv} (You found it on level 8 of the Lair of Beasts)
 30646 | Lair:8   | XOM: summons 3 friendly demons
 30749 | Lair:8   | XOM: enchant monster (good)
 30947 | Lair:7   | XOM: medium Pois miscast
 30953 | Lair:7   | XOM: medium Pois miscast
 31175 | Swamp:1  | Entered Level 1 of the Swamp
 31175 | Swamp:1  | Noticed Roxanne
 31184 | Swamp:1  | XOM: 2-stop teleportation journey
 31186 | Swamp:1  | XOM: polymorph baby alligator -> hornet
 31194 | Swamp:1  | Reached skill level 8 in Armour
 31254 | Swamp:1  | Noticed Josephine
 31261 | Swamp:1  | XOM: confusion
 31266 | Swamp:1  | XOM: 3-stop teleportation journey
 31296 | Swamp:1  | HP: 27/108 [poisoned by a swamp dragon (poison gas)]
 31302 | Swamp:1  | HP: 26/108 [poisoned by a swamp dragon (poison gas)]
 31307 | Swamp:1  | HP: 26/108 [poisoned by a swamp dragon (poison gas)]
 31313 | Swamp:1  | HP: 27/108 [poisoned by a swamp dragon (poison gas)]
 31348 | Swamp:1  | XOM: divination: detect creatures
 31580 | Swamp:1  | XOM: summons friendly white imp
 31588 | Swamp:1  | Killed Josephine
 31752 | Swamp:1  | Killed Roxanne
 31754 | Swamp:1  | Identified Roxanne's Handbook of Moulding (You took it off Roxanne on level 1 of the Swamp)
 31875 | Swamp:1  | XOM: 2-stop teleportation journey
 32046 | Swamp:1  | Lost mutation: You are weak. (Str -2) [potion of mutation]
 32046 | Swamp:1  | Gained mutation: You have supernaturally acute eyesight. [potion of mutation]
 32232 | Swamp:1  | XOM: god gift: hardcover book {god gift}
 32252 | Swamp:2  | XOM: noise
 32293 | Swamp:1  | HP: 27/109 [poisoned by a green very ugly thing]
 32299 | Swamp:1  | HP: 26/109 [poisoned by a green very ugly thing]
 32304 | Swamp:1  | HP: 27/109 [poisoned by a green very ugly thing]
 32316 | Swamp:1  | XOM: god gift: quarterstaff {god gift}
 32339 | Swamp:1  | XOM: cast spell 'Ice Form'
 32366 | Swamp:1  | XOM: divination: detect creatures
 32591 | Swamp:2  | XOM: summons friendly crimson imp
 32594 | Swamp:2  | Reached skill level 14 in Fighting
 33032 | Swamp:2  | XOM: summons friendly ufetubus
 33395 | Swamp:3  | Reached XP level 16. HP: 116/116 MP: 16/16
 33575 | Swamp:3  | Noticed Jorgrun
 33584 | Swamp:3  | XOM: enchant monster (good)
 33593 | Swamp:3  | Killed Jorgrun
 33593 | Swamp:3  | Reached skill level 9 in Armour
 33680 | Swamp:3  | XOM: cast spell 'Beastly Appendage'
 33790 | Swamp:3  | XOM: 1-stop teleportation journey
 33975 | Swamp:3  | XOM: god gift: scroll of noise
 34105 | Swamp:3  | XOM: divination: magic mapping
 34293 | Swamp:3  | XOM: mild Air miscast
 34367 | Swamp:4  | XOM: repel stairs
 34448 | Swamp:4  | XOM: 6-stop teleportation journey
 34460 | Swamp:4  | XOM: silly message
 34518 | Swamp:4  | XOM: smoke on damage
 34547 | Swamp:4  | XOM: noise
 34549 | Swamp:4  | XOM: summons friendly iron imp
 34600 | Swamp:4  | XOM: chaos cloud
 34603 | Swamp:4  | Paralysed by you for 6 turns
 34606 | Swamp:4  | XOM: harmless Hex miscast
 34685 | Swamp:4  | XOM: 3-stop teleportation journey
 34721 | Swamp:4  | XOM: noise
 34726 | Swamp:4  | XOM: harmless Tloc miscast
 34916 | Swamp:4  | XOM: mild Trmt miscast
 35029 | Swamp:4  | XOM: silly message
 35108 | Swamp:4  | Reached skill level 15 in Fighting
 35137 | Swamp:4  | XOM: give mutations
 35137 | Swamp:4  | Lost mutation: You are clumsy. (Dex -2) [Xom's mischief]
 35234 | Swamp:4  | XOM: mild Erth miscast
 35251 | Swamp:4  | XOM: summons friendly iron imp
 35270 | Swamp:4  | XOM: harmless Divn miscast
 35414 | Swamp:4  | Reached skill level 10 in Armour
 35543 | Swamp:5  | Entered Level 5 of the Swamp
 35550 | Swamp:5  | XOM: cast spell 'Cause Fear'
 35654 | Lair:6   | XOM: harmless Fire miscast
 36059 | Swamp:5  | XOM: harmless Pois miscast
 36065 | Swamp:5  | XOM: potion effect (might)
 36203 | Swamp:5  | XOM: divination: magic mapping
 36211 | Swamp:5  | XOM: smoke on damage
 36311 | Swamp:5  | Noticed the 27-headed Lernaean hydra
 36318 | Swamp:4  | Reached skill level 11 in Bows
 36340 | Swamp:4  | XOM: potion effect (heal wounds)
 36342 | Swamp:4  | XOM: potion effect (invisibility)
 36362 | Swamp:4  | XOM: potion effect (invisibility)
 36536 | Swamp:4  | XOM: potion effect (invisibility)
 36610 | Swamp:5  | XOM: harmless Tloc miscast
 36627 | Swamp:5  | XOM: divination: magic mapping
 36789 | Swamp:4  | XOM: summons 16 friendly demons
 36792 | Swamp:4  | XOM: polymorph ufetubus -> crimson imp
 36963 | Swamp:4  | XOM: mild Erth miscast
 36975 | Swamp:4  | XOM: noise
 36980 | Swamp:4  | XOM: noise
 36990 | Swamp:4  | XOM: fog
 36992 | Swamp:4  | XOM: confusion
 36996 | Swamp:4  | HP: 28/119 [the 26-headed Lernaean hydra (11)]
 36996 | Swamp:4  | HP: 8/119 [the 26-headed Lernaean hydra (8)]
 36996 | Swamp:4  | Slain by the 26-headed Lernaean hydra

Action                   |  1- 3 |  4- 6 |  7- 9 | 10-12 | 13-15 | 16-18 || total
-------------------------+-------+-------+-------+-------+-------+-------++-------
Melee: Short sword       |   106 |    46 |       |       |       |       ||   152
       Quarterstaff      |       |    97 |   372 |  1186 |   804 |       ||  2459
       Shortbow          |       |       |       |     1 |       |       ||     1
       Lajatang          |       |       |       |       |   727 |   333 ||  1060
       Unarmed           |       |       |       |       |       |     2 ||     2
 Fire: Shortbow          |    10 |    30 |    99 |   116 |    26 |       ||   281
       Longbow           |       |       |       |       |     5 |    55 ||    60
Throw: Throwing net      |       |     1 |       |       |       |       ||     1
Evoke: Wand              |       |       |     8 |    13 |     6 |     1 ||    28
       Rod               |       |       |       |     1 |       |       ||     1
       Deck              |       |       |       |       |    10 |       ||    10
  Use: Scroll            |     4 |     2 |     8 |    12 |    22 |     4 ||    52
       Potion            |       |       |       |     6 |     3 |     4 ||    13
 Stab: Sleeping          |       |     4 |     2 |       |       |       ||     6
       Confused          |       |       |     2 |     6 |     3 |       ||    11
       Petrifying        |       |       |     1 |     2 |     3 |       ||     6
       Paralysed         |       |       |       |    20 |     5 |       ||    25
       Petrified         |       |       |       |     1 |     4 |       ||     5
       Invisible         |       |       |       |     5 |       |     3 ||     8
       Distracted        |       |       |       |       |     2 |       ||     2
  Eat: Pizza             |     1 |       |     1 |       |     2 |     1 ||     5
       Chunk             |       |     6 |    12 |    44 |    29 |     4 ||    95
       Fruit             |       |       |       |     4 |    13 |       ||    17
       Royal jelly       |       |       |       |     2 |     1 |       ||     3
       Beef jerky        |       |       |       |     1 |    10 |       ||    11
       Meat ration       |       |       |       |       |     1 |     3 ||     4

Vault maps used:
D:1:      dpeg_arrival_ternary, st_stairs_12
D:2:      first_bread, uniq_sigmund, uniq_crazy_yiuf_cottage, uniq_jessica
D:3:      nicolae_overflow_crystal_walls, dk_yredelemnul_ordeal
D:4:      nicolae_dithmenos_the_darkroom, grunt_ministairs_11,
          kennysheep_doodads, amethyst_killhole
D:5:      xom_butterflies, minmay_temple_entry_junction
D:6:      serial_shops, shop_fountains
D:7:      grunt_ogre_cave
D:8:      serial_corexii_hall, corexii_hall_statues_t, corexii_hall_statues_u
D:9:      lemuel_old_faithful
D:10:     due_lair_maze_entry_diamond, serial_shops, kennysheep_little_box,
          minmay_misc_feat_alley, hex_large, uniq_gastronok
D:11:     minmay_orc_entry_guard_dogs, serial_shops, nicolae_shop_behind_doors
Lair:1:   dragon1_lemuel, grunt_forest_large_clearings
Lair:2:   st_stairs_5, wad_woods_river_03, minmay_another_anthill
Lair:3:   spider_nest_entry_rubble, st_stairs_5, serial_bayou_pond_d
Lair:4:   special_room, st_stairs_10, infiniplex_staircase_pool_2
Lair:6:   swamp_mist_pool, minmay_slime_entry_oklob_enclosed
Lair:7:   kennysheep_rathole, special_room
Lair:8:   minmay_lair_end_frog_pond, st_stairs_7, uniq_nessos
Swamp:1:  evilmike_swamp_ruin_wall, infiniplex_staircase_pool, uniq_josephine,
          uniq_roxanne
Swamp:2:  hangedman_swamp_cone, swamp_pool1
Swamp:3:  serial_swamp_ruin, hangedman_swamp_ruin_wall,
          evilmike_swamp_ruin_house_6, uniq_jorgrun
Swamp:4:  nicolae_swamp_stair_fork, swamp_pool3, nicolae_swamp_triple_paths,
          nicolae_swamp_round_clearing
Swamp:5:  swamp_alternative, uniq_donald
Orc:1:    basic_altar, uniq_urug
Orc:3:    nicolae_orc_pool_cavern
Orc:4:    pubby_orc_utopia, serial_shops

Table legend:
 A = Turns spent in this place as a percentage of turns spent in the entire game.
 B = Non-inter-level travel turns spent in this place as a percentage of non-inter-level travel turns spent in the entire game.
 C = Inter-level travel turns spent in this place as a percentage of turns spent in this place.
 D = Turns resting spent in this place as a percentage of non-inter-level travel turns spent in this place.
 E = Turns spent auto-exploring this place as a percentage of non-inter-level travel turns spent in this place.
 F = Non-inter-level travel turns spent in this place divided by the number of levels of this place that you've seen.
                   A       B       C       D       E      F
               +-------+-------+-------+-------+-------+----------------------
         Total | 100.0 | 100.0 |   0.6 |   3.4 |   6.7 | 422.6
       Dungeon |  32.3 |  32.3 |   0.5 |   2.5 |   8.2 | 347.5
          Lair |  27.9 |  28.0 |   0.5 |   2.1 |   6.4 | 414.1
         Swamp |  16.0 |  15.9 |   1.2 |   5.2 |   6.3 | 375.8
  Orcish Mines |  23.8 |  23.8 |   0.7 |   4.9 |   5.1 | 704.8
               +-------+-------+-------+-------+-------+----------------------

Table legend:
 A = Kills in this place as a percentage of kills in entire the game.
 B = Kills by you in this place as a percentage of kills by you in the entire game.
 C = Kills by friends in this place as a percentage of kills by friends in the entire game.
 D = Other kills in this place as a percentage of other kills in the entire game.
 E = Experience gained in this place as a percentage of experience gained in the entire game.
 F = Experience gained in this place divided by the number of levels of this place that you have seen.
                   A       B       C       D       E      F
               +-------+-------+-------+-------+-------+----------------------
         Total | 100.0 | 100.0 | 100.0 | 100.0 | 100.0 | 7217.8
       Dungeon |  25.1 |  25.1 |  20.7 |  50.0 |   8.9 | 1633.8
          Lair |  28.6 |  28.4 |  34.5 |  50.0 |  42.6 | 10757.8
         Swamp |  13.9 |  14.2 |   3.4 |   0.0 |  34.3 | 13878.2
  Orcish Mines |  32.5 |  32.3 |  41.4 |   0.0 |  14.2 | 7168.2
               +-------+-------+-------+-------+-------+----------------------
